 Dungeon Crawl Stone Soup version 0.32-a0-975-g85d4e5bfdb (webtiles) character file.

Game seed: 3611041993574112777

277 ezpacito the Chopper (level 6, -4/47 HPs)
             Began as a Coglin Chaos Knight on Apr 20, 2024.
             Was a Plaything of Xom.
             Slain by Pikel
             ... wielding a +2 whip of electrocution
              (15 damage)
             ... on level 4 of the Dungeon.
             The game lasted 00:03:23 (2913 turns).

ezpacito the Chopper (Coglin Chaos Knight)          Turns: 2913, Time: 00:03:24

Health: -4/47      AC: 11    Str: 15    XL:     6   Next: 25%
Magic:  7/7        EV:  6    Int: 11    God:    Xom [...*..]
Gold:   198        SH:  0    Dex: 13    Spells: 2/6 levels left

rFire   . . .        a - +0 hand axe (chaos) {Kun}
rCold   . . .        s - +0 trident {Malki}
rNeg    . . .        m - +0 chain mail
rPois   .            q - +0 helmet
rElec   .            d - +0 cloak
rCorr   .            (no gloves)
SInv    .            (no boots)
Will    .....        (amulet unavailable) Stlth
                     (ring unavailable)
HPRegen 0.27/turn    (ring unavailable)
MPRegen 0.10/turn    (no gizmo)

%: no passive effects
@: hasted, revving, very quick
A: off-hand wielding, slow wielding, warmup strikes, no jewellery
a: Invent Gizmo, Renounce Religion


You were on level 4 of the Dungeon.
You worshipped Xom.
You were a favourite toy of Xom.
You visited 1 branch of the dungeon, and saw 4 of its levels.

You collected 198 gold pieces.

Inventory:

Hand Weapons
 a - a +0 hand axe of chaos (weapon) {Kun}
 p - a +0 war axe {Bonhwa}
 r - a +0 orcbow
 s - a +0 trident (offhand) {Malki}
Missiles
 x - 7 poisoned darts (quivered)
Armour
 d - a +0 cloak (worn)
 m - a +0 chain mail (worn)
 q - a +0 helmet (worn)
Magical Staves
 b - a staff of conjuration
 l - a staff of earth
 v - a staff of alchemy
Scrolls
 g - a scroll of noise {unknown}
 j - 3 scrolls of identify {unknown}
 n - a scroll of enchant weapon {unknown}
 t - 4 scrolls of teleportation
 u - a scroll of fog {unknown}
 w - a scroll of torment {unknown}
 y - a scroll of blinking {unknown}
Potions
 e - 2 potions of curing {unknown}
 f - a potion of heal wounds {unknown}
 h - a potion of haste
 i - a potion of lignification {unknown}
 k - a potion of brilliance {unknown}
 o - a potion of enlightenment {unknown}


   Skills:
 * Level 3.6 Fighting
 * Level 3.7(3.9) Axes
 * Level 1.3(2.6) Polearms
 + Level 1.0 Ranged Weapons
 + Level 0.0 Throwing
 * Level 2.5 Armour
 * Level 2.1 Dodging
 + Level 0.9 Stealth
 + Level 0.9 Spellcasting
 + Level 0.4 Conjurations
 + Level 0.6 Summonings
 + Level 0.4 Translocations
 + Level 0.9 Earth Magic
 + Level 0.3 Alchemy
 + Level 1.2 Evocations


You had 2 spell levels left.
You knew the following spells:

 Your Spells              Type           Power      Damage    Failure   Level
a - Call Imp              Summ           2%         N/A       99%         2
b - Blink                 Tloc           2%         N/A       99%         2

Your spell library contained the following spells:

 Spells                   Type           Power      Damage    Failure   Level
 Apportation              Tloc           2%         N/A       98%         1
 Summon Small Mammal      Summ           4%         N/A       98%         1
 Magic Dart               Conj           4%         1d3       99%         1
 Necrotise                Necr           0%         1d4       99%         1
 Sting                    Conj/Alch      4%         1d3       99%         1
 Mercury Vapours          Alch/Air       0%         N/A       100%        2
 Scorch                   Fire           0%         2d5       100%        2
 Mephitic Cloud           Conj/Alch/Air  1%         N/A       100%        3
 Flame Wave               Conj/Fire      0%         2d4       100%        4
 Freezing Cloud           Conj/Ice/Air   0%         6-21      100%        5
 Summon Cactus Giant      Summ           0%         N/A       100%        6


Dungeon Overview and Level Annotations

Branches:
Dungeon (4/15)
 Temple: D:4-7

Altars:
Wu Jian
Xom

Annotations:
D:4 Pikel


Innate Abilities, Weirdness & Mutations

You can wield a second weapon in your off-hand.
It takes a long time for you to wield or remove held weapons.
Your first few attacks do less damage.
You cannot equip rings or amulets.


Message History

The lemure hits you but does no damage. The lemure barely misses you. x2
As you read the scroll labelled BOKAUDW BEYDGH, it crumbles to dust.
You feel strangely unstable.
It was a scroll of teleportation.
t - 4 scrolls of teleportation;
h - a +0 chain mail (worn)
The lemure hits you but does no damage. x2
The lemure hits the adder.
The lemure hits you but does no damage. The lemure hits you.
You take 3 damage, and have 29/47 hp.
The lemure hits itself but does no damage.
The lemure hits you. x2
You take 6 damage, and have 23/47 hp.
The lemure hits you but does no damage. The lemure barely misses you.
Your surroundings suddenly seem different.
Pikel, Merchant of Souls comes into view.
He is wielding a +2 whip of electrocution.
Xom thinks this is hilarious!
Pikel shouts!
It was a potion of haste.
You feel yourself speed up.
Xom roars with laughter!
h - a potion of haste;
m - a +0 chain mail (worn)
Xom titters.
Pikel looks rather confused.
Pikel says, "I'm a little confused."
You barely miss Pikel with your +0 trident.
You strike the helpless Pikel from behind!
You hit Pikel but do no damage.
Pikel hits you with a +2 whip of electrocution.
You take 5 damage, and have 19/47 hp.
You hit Pikel with your +0 trident.
Pikel is lightly wounded.
You strike the helpless Pikel from behind!
You hit Pikel but do no damage.
You hit Pikel with your +0 hand axe of chaos.
Pikel is poisoned.
Pikel is moderately wounded.
You hit Pikel but do no damage.
Pikel hits you with a +2 whip of electrocution!
* * * LOW HITPOINT WARNING * * *
You are electrocuted!
You die...
Xom is highly amused!

#### ##...#########
#####...>........#####
.....................#
.............###.###.#
.#..#.#.###.....@K#
.#..#.#.#
#...###.......
.#..#..[# #.. .##.###
.#..##..# #. # .# #
.#......# # ... .#
.##.##..###..# .##
.##..........# .$#
........####.# ..#
.............# ..#


You could see Pikel (confused, very poisoned).

Vanquished Creatures
  Pargi (D:4)
  3 gnolls (D:4)
  3 adders
  A dart slug (D:3)
  3 ribbon worms
  6 orcs
  5 ball pythons
  5 endoplasms
  3 giant cockroaches
  4 goblins
  7 hobgoblins
  A jackal (D:3)
  A quokka (D:2)
  A bat (D:1)
  5 frilled lizards
  7 kobolds
  12 rats
68 creatures vanquished.

Vanquished Creatures (collateral kills)
  2 orc wizards (D:3)
2 creatures vanquished.

Grand Total: 70 creatures vanquished

Notes
Turn   | Place    | Note
-------+----------+-------------------------------------------
     0 | D:1      | ezpacito the Coglin Chaos Knight began the quest for the
                  | Orb.
     0 | D:1      | Reached XP level 1. HP: 18/18 MP: 1/1
    38 | D:1      | Reached skill level 1 in Dodging
    65 | D:1      | Reached XP level 2. HP: 24/24 MP: 2/2
    85 | D:1      | XOM: smoke on damage
   744 | D:1      | Found a faded altar of an unknown god.
   949 | D:2      | Reached XP level 3. HP: 21/29 MP: 3/3
   989 | D:2      | XOM: silly message
  1300 | D:2      | XOM: confuse monster(s)
  1807 | D:3      | XOM: polymorph orc -> jackal
  1810 | D:3      | Reached XP level 4. HP: 33/35 MP: 4/4
  1817 | D:3      | Reached skill level 1 in Polearms
  1979 | D:3      | Found an ornate altar of the Wu Jian Council.
  2021 | D:3      | Reached XP level 5. HP: 41/41 MP: 5/5
  2380 | D:3      | Reached skill level 1 in Evocations
  2493 | D:3      | Learned a level 2 spell: Blink
  2496 | D:3      | Learned a level 2 spell: Call Imp
  2557 | D:4      | XOM: fog
  2607 | D:4      | Noticed Pargi
  2617 | D:4      | Killed Pargi
  2618 | D:4      | Reached XP level 6. HP: 32/47 MP: 5/7
  2763 | D:4      | Reached skill level 1 in Ranged Weapons
  2849 | D:4      | XOM: enchant monster (good)
  2883 | D:4      | XOM: fog
  2886 | D:4      | XOM: scenery: create altars
  2906 | D:4      | Noticed Pikel
  2907 | D:4      | XOM: confuse monster(s)
  2913 | D:4      | Slain by Pikel

Illustrated notes

Levels and vault maps discovered:
D:1:      psy_arrival_dodecagon, layout_basic,
          shapermc_ecumenical_altar_hornbeckon
D:2:      minmay_door_path, layout_loops_ring, minmay_pentomino_u4
D:3:      layout_basic, nicolae_wu_jian_wuxing_cycle, minmay_fountain_box
D:4:      layout_loops_ring, nicolae_shop_i_like_big_books, uniq_pikel,
          uniq_pargi, uniq_natasha

Skill      XL: |  1  2  3  4  5  6 |
---------------+-------------------+-----
Dodging        | 1 2 |  2.1
Armour         | 2 |  2.5
Polearms       | 1 |  1.3
Evocations     | 1 |  1.2
Ranged Weapons | 1 |  1.0
Fighting       | |  3.6
Axes           | |  3.7
Stealth        | |  0.9
Spellcasting   | |  0.9
Conjurations   | |  0.4
Summonings     | |  0.6
Translocations | |  0.4
Earth Magic    | |  0.9
Alchemy        | |  0.3

Action                     |  1- 3 |  4- 6 || total
---------------------------+-------+-------++-------
  Melee: Hand axe          |    78 |    54 ||   132
         Dagger            |    63 |       ||    63
         War axe           |    15 |    14 ||    29
         Trident           |       |    65 ||    65
    Use: Scroll            |       |     2 ||     2
         Potion            |       |     1 ||     1
   Stab: Confused          |     3 |     2 ||     5
 Armour: Leather armour    |    43 |    20 ||    63
         Chain mail        |       |    62 ||    62
  Dodge: Dodged            |    32 |    32 ||    64

Table legend: (Time is in decaauts)
 A = Elapsed time spent in this place.
 B = Non-inter-level travel time spent in this place.
 C = Inter-level travel time spent in this place.
 D = Time resting spent in this place.
 E = Time spent auto-exploring this place.
 F = Levels seen in this place.
 G = Mean time per level.
                   A        B        C        D        E       F      G
               +--------+--------+--------+--------+--------+-----+--------+
         Total |   2940 |   2763 |    177 |      0 |   2221 |   4 |  735.0 |
       Dungeon |   2940 |   2763 |    177 |      0 |   2221 |   4 |  735.0 |
               +--------+--------+--------+--------+--------+-----+--------+

Top non-repeatable levels by time:
     D:1: 886 daAuts
     D:2: 847 daAuts
     D:3: 812 daAuts
     D:4: 394 daAuts
